 Dungeon Crawl Stone Soup version 0.30-a0-364-gf6b3ef1049 (webtiles) character file.

Game seed: 4897881886361663693

163 kingsuperguy the Stinger (level 5, -5/37 HPs)
             Began as a Demonspawn Venom Mage on Nov 14, 2022.
             Was an Initiate of Vehumet.
             Killed from afar by an orc wizard (9 damage)
             ... with a magic dart
             ... on level 3 of the Dungeon.
             The game lasted 00:15:46 (2937 turns).

kingsuperguy the Stinger (Demonspawn Venom Mage)    Turns: 2937, Time: 00:15:47

Health: -5/37      AC:  2    Str:  9    XL:     5   Next: 20%
Magic:  10/10      EV: 31    Int: 18    God:    Vehumet [......]
Gold:   131        SH:  0    Dex: 13    Spells: 4/11 levels left

rFire   . . .      SeeInvis .    g - +0 spear
rCold   . . .      Faith    .    (no shield)
rNeg    . . .      Spirit   .    a - +0 robe
rPois   .          Reflect  .    (no helmet)
rElec   .          Harm     .    (no cloak)
rCorr   .          Rampage  .    (no gloves)
Will    .....                    (no boots)
Stlth   ++........               h - amulet of the acrobat
HPRegen 0.26/turn                c - +4 ring of evasion
MPRegen 0.24/turn                (no ring)

@: acrobatic
A: magic regeneration, sturdy frame 1, demonic magic 1, weakness stinger 1
a: Renounce Religion


You were on level 3 of the Dungeon.
You worshipped Vehumet.
Vehumet was noncommittal.
You visited 1 branch of the dungeon, and saw 3 of its levels.

You collected 131 gold pieces.

Inventory:

Hand Weapons
 g - a +0 spear (weapon)
 s - a +0 sling
Missiles
 f - 28 stones
 j - 4 curare-tipped darts
Armour
 a - a +0 robe (worn)
Jewellery
 c - a +4 ring of evasion (left hand)
 h - an amulet of the acrobat (around neck)
Wands
 n - a wand of polymorph (7)
 r - a wand of light (9)
Scrolls
 d - a scroll of poison {unknown}
 i - a scroll of fear {unknown}
 k - a scroll of noise {unknown}
 l - a scroll of vulnerability {unknown}
 m - a scroll of identify {unknown}
 t - a scroll of immolation
 u - a scroll of teleportation
Potions
 b - a potion of magic
 e - a potion of curing {unknown}
 o - a potion of flight {unknown}
 p - a potion of invisibility {unknown}
 q - a potion of degeneration {unknown}


   Skills:
 - Level 1.0 Fighting
 + Level 0.1 Polearms
 + Level 1.9 Dodging
 + Level 1.7 Stealth
 * Level 3.8 Spellcasting
 + Level 0.9 Transmutations
 + Level 1.0 Air Magic
 * Level 4.1 Poison Magic


You had 4 spell levels left.
You knew the following spells:

 Your Spells              Type           Power      Damage    Failure   Level
a - Sting                 Tmut/Pois      48%        1d5       5%          1
b - Poisonous Vapours     Pois/Air       24%        N/A       8%          2
c - Olgreb's Toxic Radia  Pois           18%        N/A       28%         4

Your spell library contained the following spells:

 Spells                   Type           Power      Damage    Failure   Level
 Mephitic Cloud           Conj/Pois/Air  9%         N/A       22%         3
 Portal Projectile        Hex/Tloc       6%         N/A       41%         3
 Tukima's Dance           Hex            3%         N/A       41%         3
 Blade Hands              Tmut           3%         N/A       95%         5


Dungeon Overview and Level Annotations

Branches:
Dungeon (3/15)

Altars:
Vehumet
Yredelemnul


Innate Abilities, Weirdness & Mutations

You regenerate magic rapidly.
Your movements are slightly less encumbered by armour. (ER -2)
Spells you cast may paralyse adjacent enemies.
You have a small tail.


Message History

The magic dart hits you.
You bump into the rock wall.
Something hits you but does no damage.
You miss something. Something hits you.
You bump into the rock wall.
An orc wizard appears from thin air!
Reactivating autopickup.
The orc wizard hits you with a +0 dagger.
You're too confused to cast spells.
The orc wizard hits you with a +0 dagger.
You're too confused to cast spells.
You bump into the rock wall.
You feel less confused.
The orc wizard hits you with a +0 dagger.
Casting: Poisonous Vapours (safe; 8% risk of failure)
Confirm with . or Enter, or press ? or * to list all spells.
Aiming: Sting (safe; 5% risk of failure)
Press: ? - help, Shift-Dir - straight line, f - orc wizard
Aim: an orc wizard, wielding a +0 dagger and wearing a +0 robe (moderately wounded, 64% to hit)
The sting hits the orc wizard.
The orc wizard is poisoned.
The orc wizard is heavily wounded.
Malevolent energies surge around you.
The orc wizard hits you with a +0 dagger.
The orc wizard attacks as you move away!
The orc wizard completely misses you.
The orc wizard gestures at you while chanting.
You are confused.
The orc wizard completely misses you.
You bump into the rock wall.
The orc wizard misses you.
You're too confused to move!
The orc wizard barely misses you.
You bump into the rock wall.
The orc wizard points at you and mumbles some strange words.
The magic dart hits you!
* * * LOW HITPOINT WARNING * * *
You bump into the rock wall.
You feel less confused.
The orc wizard points at you and mumbles some strange words.
The puff of flame hits you.
* * * LOW HITPOINT WARNING * * *
The orc wizard gestures at you while chanting.
The magic dart hits you!
You die...

##############
#####.o..........####
#...@.#######.......#
#.#####..o....#####..
#.........#.# #.# #
#.###.#.....# #..
..###.#.###.##..#.# #..
#...........##..#.#####..
........######..#.[......
#..#..##J ......#.####
..#..# .# .#..##.#


You could see an orc wizard (poisoned).

Vanquished Creatures
  Terence (D:3)
  4 gnolls
  3 adders (D:2)
  A worm (D:2)
  4 dart slugs
  4 orcs (D:3)
  4 ball pythons
  An endoplasm (D:2)
  4 giant cockroaches (D:1)
  5 goblins
  5 hobgoblins
  5 jackals (D:1)
  2 kobolds
  3 quokkas (D:1)
  3 bats
  5 frilled lizards
  3 rats (D:1)
  A spectral orc (D:3)
58 creatures vanquished.

Notes
Turn   | Place    | Note
-------+----------+-------------------------------------------
     0 | D:1      | kingsuperguy the Demonspawn Venom Mage began the quest for
                  | the Orb.
     0 | D:1      | Reached XP level 1. HP: 13/13 MP: 3/3
   255 | D:1      | Gained mutation: You regenerate magic rapidly. [demonic
                  | ancestry]
   255 | D:1      | Reached XP level 2. HP: 13/19 MP: 0/5
   262 | D:1      | Learned a level 2 spell: Poisonous Vapours
   673 | D:1      | You fall into a shaft and drop 1 floor!
  1125 | D:1      | Gained mutation: Your movements are slightly less
                  | encumbered by armour. (ER -2) [demonic ancestry]
  1125 | D:1      | Reached XP level 3. HP: 24/24 MP: 3/6
  1387 | D:2      | Reached skill level 1 in Fighting
  1621 | D:2      | Gained mutation: Spells you cast may paralyse adjacent
                  | enemies. [demonic ancestry]
  1621 | D:2      | Reached XP level 4. HP: 32/32 MP: 3/8
  1770 | D:2      | Reached skill level 4 in Poison Magic
  2356 | D:3      | Noticed Terence
  2366 | D:3      | Killed Terence
  2367 | D:3      | Gained mutation: You have a small tail. [demonic ancestry]
  2367 | D:3      | Reached XP level 5. HP: 28/37 MP: 3/10
  2489 | D:3      | Found a radiant altar of Vehumet.
  2534 | D:3      | Became a worshipper of Vehumet
  2540 | D:3      | Learned a level 4 spell: Olgreb's Toxic Radiance
  2678 | D:3      | Found a basalt altar of Yredelemnul.
  2828 | D:3      | Reached skill level 1 in Air Magic
  2937 | D:3      | Killed from afar by an orc wizard

Illustrated notes

Levels and vault maps discovered:
D:1:      arrival_zaba_pyramid, layout_basic, st_stairs_5, supply_closet_lemuel,
          minmay_fountain_box, minmay_misc_feat_diagonals
D:2:      cheibrodos_helix_gallery, layout_rooms
D:3:      layout_loops_ring, tgw_trog, vehumet_crystals,
          yredelemnul_forgotten_temple_becter, minitemple, uniq_terence

Skill      XL: |  1  2  3  4  5 |
---------------+----------------+-----
Fighting       | 1 |  1.0
Spellcasting   | 3 |  3.8
Poison Magic   | 4 |  4.1
Air Magic      | 1 |  1.0
Polearms       | |  0.1
Dodging        | |  1.9
Stealth        | |  1.7
Transmutations | |  0.9

Action                   |  1- 3 |  4- 6 || total
-------------------------+-------+-------++-------
Melee: Unarmed           |    15 |       ||    15
       Spear             |     9 |    40 ||    49
       Punch             |     1 |       ||     1
       Tailslap          |       |     3 ||     3
 Cast: Sting             |    15 |    26 ||    41
       Poisonous Vapours |    38 |    30 ||    68
  Use: Scroll            |     3 |       ||     3
Armor: Robe              |    16 |     6 ||    22
Dodge: Dodged            |   141 |    53 ||   194

Table legend: (Time is in decaauts)
 A = Elapsed time spent in this place.
 B = Non-inter-level travel time spent in this place.
 C = Inter-level travel time spent in this place.
 D = Time resting spent in this place.
 E = Time spent auto-exploring this place.
 F = Levels seen in this place.
 G = Mean time per level.
                   A        B        C        D        E       F      G
               +--------+--------+--------+--------+--------+-----+--------+
         Total |   2942 |   2888 |     54 |    673 |   1325 |   3 |  980.7 |
       Dungeon |   2942 |   2888 |     54 |    673 |   1325 |   3 |  980.7 |
               +--------+--------+--------+--------+--------+-----+--------+

Top non-repeatable levels by time:
     D:1: 1452 daAuts
     D:2: 888 daAuts
     D:3: 602 daAuts
